 Dungeon Crawl Stone Soup version 0.26.1-11-gd32895ea62 (webtiles) character file.

Game seed: 2182973948510917282

42498 Almogavar the Cleaver (level 14, -6/124 (127) HPs)
             Began as a Hill Orc Fighter on May 16, 2021.
             Was an Elder of Makhleb.
             Mangled by a starcursed mass (7 damage)
             ... on level 2 of the Abyss.
             The game lasted 01:03:16 (23234 turns).

Almogavar the Cleaver (Hill Orc Fighter)           Turns: 23234, Time: 01:03:19

HP:   -6/124 (127)  AC: 18    Str: 24    XL:     14   Next: 20%
MP:   18/18         EV: 11    Int:  8    God:    Makhleb [****..]
Gold: 1166          SH: 18    Dex: 16    Spells: 13/13 levels left

rFire    + . .     SeeInvis .   R - +4 hand axe
rCold    . . .     Faith    .   c - +0 kite shield
rNeg     + . .     Spirit   .   b - +1 chain mail {rF+}
rPois    .         Reflect  +   M - +0 helmet
rElec    .         Harm     .   (no cloak)
rCorr    .         Rampage  .   n - +0 pair of gloves
Will     +....                  w - +0 pair of boots (curse)
Stlth    ..........             Q - amulet of reflection
HPRegen  0.30/turn              y - +6 ring of dexterity
MPRegen  0.16/turn              o - ring of positive energy

@: lethally poisoned (-6 -> -7), lightly drained
A: no striking features
a: Renounce Religion, Minor Destruction, Lesser Servant of Makhleb, Major
Destruction


You were on level 2 of the Abyss.
You worshipped Makhleb.
Makhleb was greatly pleased with you.
You visited 4 branches of the dungeon, and saw 17 of its levels.
You visited the Abyss 1 time.
You also visited: Sewer.

You collected 1816 gold pieces.
You spent 650 gold pieces at shops.

Inventory:

Hand Weapons
 G - a +2 morningstar of flaming
 R - a +4 hand axe (weapon)
Missiles
 e - 6 boomerangs of dispersal
 m - 41 poisoned darts (quivered)
 r - 5 javelins
 z - 47 boomerangs
 S - 6 atropa-tipped darts
Armour
 a - a +0 chain mail of willpower
 b - a +1 chain mail of fire resistance (worn)
 c - a +0 kite shield (worn)
 d - a +1 chain mail of cold resistance
 n - a +0 pair of gloves (worn)
 w - a cursed +0 pair of boots (worn)
 H - +2 acid dragon scales
 M - a +0 helmet (worn)
Magical Staves
 L - an uncursed staff of poison
Jewellery
 h - an uncursed ring of ice
 k - an uncursed amulet of the acrobat
 o - a ring of positive energy (right hand)
 t - an uncursed amulet of guardian spirit
 x - an uncursed ring of fire
 y - a +6 ring of dexterity (left hand)
 A - an uncursed ring of positive energy
 Q - an amulet of reflection (around neck)
 W - an uncursed ring of magical power
Wands
 F - a wand of iceblast (28)
 I - a wand of random effects (54)
 J - a wand of flame (12)
 P - a wand of disintegration (36)
 V - a wand of polymorph (5)
Scrolls
 g - 3 scrolls of vulnerability {unknown}
 i - 3 scrolls of fear
 j - 3 scrolls of blinking
 l - 8 scrolls of remove curse
 s - 6 scrolls of teleportation
 v - 2 scrolls of enchant weapon
 B - 4 scrolls of magic mapping
 N - 3 scrolls of enchant armour
 O - 3 scrolls of amnesia
 T - a scroll of brand weapon {unknown}
 U - a scroll of fog {unknown}
 Z - a scroll of acquirement {unknown}
Potions
 f - 9 potions of curing
 p - 4 potions of cancellation
 q - 9 potions of flight
 C - a potion of lignification {unknown}
 D - a potion of berserk rage {unknown}
 E - 2 potions of heal wounds
 K - a potion of might
 X - a potion of haste {unknown}
Miscellaneous
 u - a tin of tremorstones (2/2)
 Y - a phial of floods


   Skills:
 + Level 12.7 Fighting
 - Level 14.0(14.1) Axes
 - Level 0.6(7.8) Maces & Flails
 + Level 3.9 Throwing
 + Level 12.7 Armour
 + Level 4.6 Dodging
 - Level 1.8 Stealth
 + Level 12.5 Shields
 * Level 6.0 Invocations
 * Level 5.0 Evocations


You had 13 spell levels left.
You didn't know any spells.
Your spell library contained the following spells:

 Spells                   Type           Power        Failure   Level
 Magic Dart               Conj           0%           95%         1
 Sandblast                Erth           0%           95%         1
 Blink                    Tloc           N/A          99%         2
 Call Imp                 Summ           0%           99%         2
 Passwall                 Tmut/Erth      0%           99%         2
 Slow                     Hex            0%           99%         2
 Conjure Flame            Conj/Fire      0%           100%        3
 Ignite Poison            Fire/Tmut/Pois 0%           100%        3
 Mephitic Cloud           Conj/Pois/Air  0%           100%        3
 Stone Arrow              Conj/Erth      0%           100%        3
 Petrify                  Tmut/Erth      0%           100%        4
 Fireball                 Conj/Fire      0%           100%        5
 Lee's Rapid Deconstruct  Erth           0%           100%        5
 Starburst                Conj/Fire      0%           100%        6
 Ignition                 Fire           0%           100%        8


Dungeon Overview and Level Annotations

Branches:
Dungeon (11/15)            Temple (1/1) D:6            Lair (3/6) D:10
  Swamp (0/4) Lair:2          Orc (2/2) D:11            Elf (0/3) Orc:2
  Sewer (visited)
  Snake: Lair:2-4    Spider: Lair:2-4

Altars:
Ashenzari
Dithmenos
Elyvilon
Fedhas
Gozag
Hepliaklqana
Kikubaaqudgha
Makhleb
Nemelex Xobeh
Okawaru
Qazlal
Ru
Sif Muna
Trog
Vehumet
Wu Jian
Xom
Yredelemnul
Zin
The Shining One
Beogh
Lugonu

Shops:
D:11 [   Orc:1 [::=:   Orc:2 (??(

Portals:
Abyss: D:6

Annotations:
Lair:3 Nergalle


Message History

Makhleb accepts your kill.
You feel sick.
A deafening chorus of shrieks assaults your mind!
* * * LOW HITPOINT WARNING * * *
Your neqoxec gestures.
Unknown command.
You feel much better.
A deafening chorus of shrieks assaults your mind!
* * * LOW HITPOINT WARNING * * *
You suddenly lose the ability to move!
Your neqoxec hits the starcursed mass but does no damage.
You can move again.
You feel sick.
The starcursed mass engulfs your ufetubus but does no damage.
The starcursed mass engulfs your ufetubus!
Your ufetubus dies!
A cacophony of accursed wailing tears at your sanity!
* * * LOW HITPOINT WARNING * * *
The starcursed mass engulfs you!
You die...

.. #... .. .# ##.#
##.## #.##### .
#...###...###..... #
.....#.....#.....#X.
.........X5.X.....#
#.....#.##5.#( # .
###.#....#X.....# .
#...##XXX.XX##..#
#@X.#.##.# #...#
##X#.5#.#.. ...#
#..#.35#...... .
##..###...###.≈≈
..#.# #.# ≈ #...#.#
.. # .. .##.## ###
## # ...


You could see 8 starcursed masses, a large abomination, a white imp, a friendly
neqoxec (summoned), a friendly iron imp (summoned) and a friendly ufetubus
(summoned).

Vanquished Creatures
  A stone giant (Orc:2)
  Josephine (D:11)
  5 hydras
  Harold (D:11)
  2 two-headed ogres (D:9)
  Erica (D:9)
  The ghost of Wozui the Cleaver, a novice MiBe of Trog (Lair:1)
  4 death yaks
  A thrashing horror (Abyss:2)
  3 orc high priests
  An unseen horror (D:7)
  The ghost of destino the Chopper, a novice FoFi of Makhleb (D:6)
  A lindwurm (Lair:3)
  6 orc knights
  Pikel (D:8)
  A bog body (Lair:2)
  3 ugly things
  A cyclops (Orc:1)
  3 orc sorcerers (Orc:2)
  An elephant (D:9)
  2 black mambas (Lair:2)
  6 cane toads
  Maggie (D:6)
  7 komodo dragons
  2 trolls
  Grinder (D:3)
  Prince Ribbit (D:8)
  2 hornets
  3 blink frogs (Lair:2)
  Sigmund (D:2)
  3 wraiths
  14 yaks
  3 basilisks
  Grum (D:8)
  2 steam dragons
  Menkaure (D:6)
  2 swamp worms (Lair:2)
  3 wargs
  A soldier ant (D:10)
  8 water moccasins
  21 orc warriors
  A black bear (Lair:3)
  4 ice beasts
  3 phantoms
  20 wolves
  13 ogres
  2 centaurs
  A lemure (D:8)
  2 big kobolds
  14 bullfrogs
  A wyvern skeleton (D:8)
  3 scorpions
  3 wights (D:9)
  3 jellies
  3 centaur zombies
  An electric eel (Lair:2)
  A howler monkey (D:3)
  2 bullfrog zombies
  6 quasits
  3 bullfrog skeletons
  13 orc priests
  2 centaur skeletons
  5 hounds
  Jessica (D:2)
  Terence (D:2)
  An iguana (D:11)
  Natasha (thrice) (D:3)
  14 orc wizards
  10 worker ants
  6 hell rats (Lair:1)
  A hound zombie (D:6)
  A howler monkey skeleton (D:11)
  12 adders
  4 gnolls (D:7)
  3 shadow imps
  6 white imps
  An ufetubus (D:6)
  2 oozes
  2 adder skeletons
  5 worms
  4 dart slugs
  5 leopard geckos
  84 orcs
  7 giant cockroaches
  8 goblins
  7 hobgoblins
  13 jackals
  11 kobolds
  8 quokkas
  3 ball pythons
  6 bats
  9 frilled lizards
  A giant cockroach zombie (D:2)
  A jackal skeleton (D:9)
  A jackal zombie (D:5)
  A quokka skeleton (D:6)
  A quokka zombie (D:8)
  21 rats
494 creatures vanquished.

Vanquished Creatures (collateral kills)
  A starcursed mass (Abyss:2)
1 creature vanquished.

Vanquished Creatures (others)
  2 orc wizards (Orc:2)
  An orc (D:7)
  19 fungi
  A lurking horror (D:6)
  18 plants
41 creatures vanquished.

Grand Total: 536 creatures vanquished

Notes
Turn   | Place    | Note
-------+----------+-------------------------------------------
     0 | D:1      | Almogavar the Hill Orc Fighter began the quest for the Orb.
     0 | D:1      | Reached XP level 1. HP: 19/19 MP: 1/1
   361 | D:1      | Reached XP level 2. HP: 27/27 MP: 2/2
   526 | D:1      | Reached skill level 3 in Axes
   689 | D:1      | Reached XP level 3. HP: 33/33 MP: 3/3
  1052 | D:2      | Noticed Terence
  1054 | D:2      | Noticed Sigmund
  1258 | D:2      | Killed Sigmund
  1259 | D:2      | Reached skill level 4 in Axes
  1259 | D:2      | Reached skill level 1 in Dodging
  1259 | D:2      | Reached XP level 4. HP: 29/40 MP: 4/4
  1259 | D:2      | Reached XP level 5. HP: 33/46 MP: 5/5
  1265 | D:2      | Killed Terence
  1266 | D:2      | Reached XP level 6. HP: 39/52 MP: 6/6
  1491 | D:2      | Reached skill level 5 in Axes
  1536 | D:2      | Noticed Jessica
  1539 | D:2      | Killed Jessica
  2130 | D:2      | Found a blossoming altar of Fedhas.
  2130 | D:2      | Found a radiant altar of Vehumet.
  2137 | D:2      | Found an iron altar of Okawaru.
  2139 | D:2      | Found an opulent altar of Gozag.
  2141 | D:2      | Found a broken altar of Ashenzari.
  2383 | D:3      | Noticed Natasha
  2391 | D:3      | Killed Natasha
  2489 | D:3      | Noticed Grinder
  2492 | D:3      | Paralysed by Grinder for 5 turns
  2510 | D:3      | Found an ornate altar of the Wu Jian Council.
  2527 | D:3      | Paralysed by Grinder for 3 turns
  2553 | D:3      | Found an ancient bone altar of Kikubaaqudgha.
  2579 | D:3      | Reached skill level 5 in Armour
  2594 | D:3      | Reached XP level 7. HP: 20/60 MP: 7/7
  2603 | D:3      | Paralysed by Grinder for 6 turns
  2609 | D:3      | HP: 2/60 [Grinder (3)]
  2612 | D:3      | Paralysed by Grinder for 6 turns
  2633 | D:3      | HP: 2/60 [Grinder (2)]
  2634 | D:3      | Killed Grinder
  2635 | D:3      | Reached skill level 6 in Axes
  2795 | D:3      | Found a shimmering blue altar of Sif Muna.
  2858 | D:3      | Found a glowing drain.
  2867 | Sewer    | Entered a sewer
  2980 | Sewer    | Reached skill level 5 in Shields
  2989 | Sewer    | Reached skill level 7 in Axes
  3011 | Sewer    | Found a white marble altar of Elyvilon.
  3196 | D:3      | Reached skill level 5 in Fighting
  3305 | D:3      | Noticed Natasha
  3309 | D:3      | Killed Natasha
  3598 | D:3      | Noticed Natasha
  3602 | D:3      | Killed Natasha
  3621 | D:4      | Found a stormy altar of Qazlal.
  3651 | D:4      | Found a glowing golden altar of the Shining One.
  3653 | D:4      | Noticed an angel
  3713 | D:4      | Found a shimmering altar of Xom.
  3713 | D:4      | Found a shimmering altar of Xom.
  3715 | D:4      | Found a shimmering altar of Xom.
  3717 | D:4      | Found a shimmering altar of Xom.
  3717 | D:4      | Found a shimmering altar of Xom.
  3717 | D:4      | Found a shimmering altar of Xom.
  3774 | D:4      | Reached XP level 8. HP: 55/68 MP: 8/8
  4110 | D:4      | Found a basalt altar of Yredelemnul.
  4112 | D:4      | Noticed a profane servitor
  4216 | D:4      | Reached skill level 8 in Axes
  4486 | D:5      | Entered Level 5 of the Dungeon
  4815 | D:5      | Found a bloodstained altar of Trog.
  5046 | D:5      | Found a broken altar of Ashenzari.
  5259 | D:6      | Found a transporter.
  5263 | D:6      | Found a staircase to the Ecumenical Temple.
  5263 | D:6      | Noticed destino's ghost (novice FoFi)
  5287 | Temple   | Entered the Ecumenical Temple
  5298 | Temple   | Became a worshipper of Makhleb the Destroyer
  5350 | D:6      | HP: 3/70 [orc warrior/+0 war axe (12)]
  5958 | D:6      | Reached skill level 9 in Axes
  6060 | D:6      | Found a transporter.
  6095 | D:6      | Reached XP level 9. HP: 75/78 MP: 9/9
  6098 | D:6      | Noticed Menkaure
  6118 | D:6      | Killed Menkaure
  6299 | D:6      | Found a white marble altar of Elyvilon.
  6437 | D:6      | Found a corrupted altar of Lugonu.
  6622 | D:6      | Found a one-way gate to the infinite horrors of the Abyss.
  6721 | D:6      | Reached * piety under Makhleb
  6771 | D:6      | Noticed Maggie
  6795 | D:6      | Killed Maggie
  6796 | D:6      | Reached skill level 10 in Axes
  6796 | D:6      | Reached skill level 1 in Stealth
  7013 | D:6      | Killed destino's ghost
  7162 | D:7      | Reached skill level 11 in Axes
  7317 | D:7      | Reached XP level 10. HP: 86/86 MP: 8/10
  7708 | D:7      | Reached ** piety under Makhleb
  8076 | D:7      | Killed an unseen horror
  8443 | D:7      | Found a shadowy altar of Dithmenos.
  8698 | D:8      | Noticed Prince Ribbit
  8852 | D:8      | Killed Prince Ribbit
  8853 | D:8      | Reached skill level 12 in Axes
  8939 | D:8      | Noticed Pikel
  8956 | D:8      | Killed Pikel
  9055 | D:8      | Noticed Grum
  9070 | D:8      | Killed Grum
  9456 | D:9      | Reached skill level 13 in Axes
  9553 | D:9      | Reached XP level 11. HP: 94/94 MP: 11/11
  9709 | D:9      | Found a hazy altar of Hepliaklqana.
  9971 | D:9      | Noticed Erica
  9983 | D:9      | Killed Erica
 10116 | D:9      | Noticed a two-headed ogre
 10127 | D:9      | Killed a two-headed ogre
 10518 | D:9      | Noticed a two-headed ogre
 10528 | D:9      | Reached *** piety under Makhleb
 10539 | D:9      | Killed a two-headed ogre
 10727 | D:10     | Entered Level 10 of the Dungeon
 10732 | D:10     | Paralysed by a hornet for 3 turns
 10758 | D:9      | Paralysed by a hornet for 3 turns
 10765 | D:9      | Paralysed by a hornet for 3 turns
 11186 | D:10     | Noticed a death yak
 11187 | D:10     | Found a staircase to the Lair.
 11242 | D:9      | Killed a death yak
 11243 | D:9      | Reached skill level 14 in Axes
 11853 | D:10     | Reached skill level 10 in Armour
 12377 | D:11     | Noticed a purple ugly thing
 12408 | D:10     | Killed a purple ugly thing
 12409 | D:10     | Reached skill level 1 in Throwing
 12596 | D:11     | Noticed a green ugly thing
 12613 | D:11     | Killed a green ugly thing
 13005 | D:11     | Reached XP level 12. HP: 106/106 MP: 12/12
 13044 | D:11     | Reached skill level 10 in Fighting
 13262 | D:11     | Noticed Josephine
 13372 | D:11     | Killed Josephine
 13373 | D:11     | Noticed Harold
 13406 | D:11     | Killed Harold
 13406 | D:11     | Reached **** piety under Makhleb
 13656 | D:11     | Found a staircase to the Orcish Mines.
 13656 | D:11     | Found Arrih's Armour Emporium.
 13747 | D:11     | Noticed a four-headed hydra
 13759 | D:11     | Killed a four-headed hydra
 13760 | D:11     | Reached skill level 10 in Shields
 14225 | Lair:1   | Entered Level 1 of the Lair of Beasts
 14459 | Orc:1    | Entered Level 1 of the Orcish Mines
 14548 | Orc:1    | Found a roughly hewn altar of Beogh.
 15125 | Orc:1    | Found Wugemy's Book Emporium.
 15176 | Orc:1    | Found Yllum's Jewellery Shop.
 15294 | Orc:1    | Found Soshroen's Book Shoppe.
 15398 | Orc:1    | Found Giceh's Antique Armour Shoppe.
 15445 | Orc:1    | Found Hois's Book Emporium.
 15562 | Orc:2    | Entered Level 2 of the Orcish Mines
 16420 | Orc:2    | Noticed a stone giant
 16450 | Orc:2    | HP: 3/110 [stone giant (28)]
 16461 | Orc:2    | Killed a stone giant
 16852 | Orc:2    | Reached skill level 1 in Evocations
 16914 | Orc:2    | Found a staircase to the Elven Halls.
 17072 | Orc:2    | Noticed an orc high priest
 17073 | Orc:2    | Noticed an orc high priest
 17073 | Orc:2    | Noticed an orc high priest
 17477 | Orc:2    | Noticed a soul eater
 17701 | Orc:1    | Killed an orc high priest
 17702 | Orc:1    | Reached XP level 13. HP: 112/116 MP: 11/13
 17779 | Orc:2    | Reached skill level 1 in Invocations
 18005 | Orc:2    | Paralysed by an orc sorcerer for 2 turns
 18569 | Orc:2    | Found Huybbomn's Weapon Shoppe.
 18569 | Orc:2    | Found Uhaar's Antique Weapon Boutique.
 18571 | Orc:2    | Found Elod's Magic Scroll Shoppe.
 18571 | Orc:2    | Found Lycwujiwo's Magic Scroll Boutique.
 18685 | Orc:1    | Bought a book of Fire for 650 gold pieces
 19056 | Lair:1   | Found a runed translucent gate.
 19057 | Lair:1   | Found a runed translucent gate.
 19058 | Lair:1   | Found a runed translucent gate.
 19060 | Lair:1   | Noticed Wozui's ghost (novice MiBe)
 20305 | Lair:1   | Killed Wozui's ghost
 21669 | Lair:2   | Found a radiant altar of Vehumet.
 21845 | Lair:2   | Reached skill level 5 in Invocations
 21849 | Lair:2   | Found a staircase to the Swamp.
 22147 | Lair:3   | Reached ***** piety under Makhleb
 22336 | Lair:3   | Reached XP level 14. HP: 70/127 MP: 16/18
 23039 | Lair:3   | Reached skill level 5 in Evocations
 23072 | Lair:3   | Noticed Nergalle
 23095 | Lair:3   | Cast into level 2 of the Abyss (Nergalle)
 23208 | Abyss:2  | Noticed a starcursed mass
 23216 | Abyss:2  | Paralysed by accursed screaming for 1 turns
 23224 | Abyss:2  | Paralysed by accursed screaming for 2 turns
 23231 | Abyss:2  | HP: 1/124 [starcursed mass/accursed screaming (9)]
 23232 | Abyss:2  | Paralysed by accursed screaming for 1 turns
 23234 | Abyss:2  | Mangled by a starcursed mass

Illustrated notes

Levels and vault maps discovered:
D:1:      eino_arrival_druids_welcome, layout_loops_ring,
          amcnicky_mini_pool_small
D:2:      layout_basic, chequers_temple_overflow_minitemple,
          minmay_divided_ellipse, uniq_terence, uniq_sigmund, uniq_jessica
D:3:      layout_basic, kiku_gazebo_pond_becter, overflow_temple_1_default,
          portal_sewer_entry_b, lemuel_blue_sif_altar, uniq_grinder,
          uniq_natasha
D:4:      cheibrodos_pilgrimage, layout_rooms, grunt_temple_overflow_holy_war,
          lemuel_doored_altar, minmay_misc_feat_enclosed, xom_redecorated
D:5:      layout_basic, lightli_temple_of_fire, basic_altar
D:6:      layout_basic, lemuel_coloured_pillars_altar, minmay_temple_entry_grid,
          gammafunk_ghost_stat_death, amcnicky_altar_lugonu_corruption,
          uniq_menkaure, uniq_maggie
D:7:      layout_basic, old_standard_altar
D:8:      layout_basic, minmay_misc_feat_hallway, uniq_prince_ribbit1,
          uniq_pikel, uniq_grum
D:9:      layout_stronghold, nzn_hepliaklqana_mist_gate, uniq_erica
D:10:     layout_layer_cave, david_lair_generic
D:11:     layout_grid_maze, orc_david_3, ldierk_geyser, uniq_harold,
          uniq_josephine
Temple:   corrupted_temple
Lair:1:   layout_regular_city, gammafunk_ghost_hydra_chop
Lair:2:   layout_regular_city, nicolae_swamp_entry_splash_gauntlet, basic_altar,
          grunt_megastairs_4
Lair:3:   layout_gridlike, grunt_megastairs_1, lemuel_fruit_tree,
          serial_bayou_shore_b, infiniplex_staircase_pool_2, uniq_nergalle
Orc:1:    layout_caves, basic_altar, serial_shops, nicolae_shop_trees,
          shop_fountains, nicolae_shop_stone, shop, shop
Orc:2:    grunt_orc_tribal_feast, layout_caves, minmay_orc_keep
Abyss:2:  base:
D:8

Skill      XL: |  1  2  3  4  5  6  7  8  9 10 11 12 13 14 |
---------------+-------------------------------------------+-----
Axes           | 3 4 5 7 9 11 13 14 | 14.0
Armour         | 4 5 6 7 9 10 11 12 | 12.7
Fighting       | 4 5 6 7 8 9 11 12 | 12.7
Dodging        | 1 2 3 4 |  4.6
Shields        | 4 5 6 8 9 10 12 | 12.5
Stealth        | 1 |  1.8
Throwing       | 1 3 |  3.9
Evocations     | 1 4 5 |  5.0
Invocations    | 5 6 |  6.0
Maces & Flails | |  0.6

Action                   |  1- 3 |  4- 6 |  7- 9 | 10-12 | 13-15 || total
-------------------------+-------+-------+-------+-------+-------++-------
Melee: War axe           |   101 |   138 |   210 |       |       ||   449
       Hand axe          |       |       |   219 |  1068 |   675 ||  1962
       Morningstar       |       |       |       |     8 |    22 ||    30
Throw: Dart              |       |       |     2 |    76 |    21 ||    99
Invok: Lesser Servant of |       |       |       |       |     3 ||     3
Evoke: Wand              |       |       |       |     2 |    13 ||    15
  Use: Scroll            |     3 |     3 |     5 |     5 |     6 ||    22
       Potion            |     1 |       |     6 |     1 |     1 ||     9
 Stab: Distracted        |       |       |       |       |     1 ||     1
Armor: Scale mail        |    53 |     2 |       |       |       ||    55
       Chain mail        |       |    64 |   192 |   355 |   177 ||   788
Dodge: Dodged            |    29 |    52 |   111 |   216 |   137 ||   545
Block: Kite shield       |    64 |    62 |   175 |   442 |   438 ||  1181
